 Dungeon Crawl Stone Soup version 0.29-a0-284-gf9362112df (webtiles) character file.

Game seed: 16541701676204294756

250 spaghetti the Sneak (level 5, -12/28 HPs)
             Began as a Vampire Earth Elementalist on Mar 22, 2022.
             Was a Believer of Nemelex Xobeh.
             Mangled by Menkaure (23 damage)
             ... on level 4 of the Dungeon.
             The game lasted 00:06:02 (3684 turns).

spaghetti the Sneak (Vampire Earth Elementalist)    Turns: 3684, Time: 00:06:03

Health: -12/28     AC:  4    Str:  7    XL:     5   Next: 88%
Magic:  7/8        EV: 12    Int: 20    God:    Nemelex Xobeh [**....]
Gold:   148        SH:  0    Dex: 14    Spells: 2/8 levels left

rFire   . . .      SeeInvis +   d - +1 dagger {short}
rCold   + + .      Faith    .   (no shield)
rNeg    + + +      Spirit   .   b - +0 robe
rPois   ∞          Reflect  .   (no helmet)
rElec   .          Harm     .   (no cloak)
rCorr   .          Rampage  .   (no gloves)
Will    .....                   (no boots)
Stlth   +++++.....              (no amulet)
HPRegen 0.00/turn               (no ring)
MPRegen 0.11/turn               (no ring)

@: brilliant, bloodless, inhibited regen
A: bloodless, fangs 3, see invisible, vampiric 2, iridescent scales 1, (berserk
1), deterioration 1
a: Bat Form, Revivify, Renounce Religion, Draw Escape, Draw Destruction, Draw
Summoning


You were on level 4 of the Dungeon.
You worshipped Nemelex Xobeh.
Nemelex Xobeh was pleased with you.
You visited 1 branch of the dungeon, and saw 4 of its levels.

You collected 148 gold pieces.


Innate Abilities, Weirdness & Mutations

You do not regenerate when monsters are visible.
You are frail without blood (-20% HP).
You can heal yourself when you bite living creatures.
You are immune to poison.
You have razor-sharp teeth.
You have supernaturally acute eyesight. (SInv)
You are afflicted with vampirism and can become a bat while bloodless.
You are partially covered in iridescent scales. (AC +2)
((You tend to lose your temper in combat.))
Your body sometimes deteriorates upon taking damage.


   Skills:
 - Level 2.1 Dodging
 + Level 7.1 Stealth
 - Level 2.0 Spellcasting
 - Level 1.1 Transmutations
 - Level 3.0 Earth Magic
 * Level 3.6 Invocations


You had 2 spell levels left.
You knew the following spells:

 Your Spells              Type           Power      Damage    Failure   Level
a - Sandblast             Erth           42%        2d11      4%          1
b - Passwall              Tmut/Erth      12%        N/A       11%         2
c - Stone Arrow           Conj/Erth      24%        3d8       26%         3

Your spell library contained the following spells:

 Spells                   Type           Power      Damage    Failure   Level
 Petrify                  Tmut/Erth      15%        N/A       56%         4

Inventory:

Hand Weapons
 d - a +1 dagger (weapon) {short}
   (You took it off a kobold on level 1 of the Dungeon)
 e - a +0 flail of protection {mace}
   (You found it on level 2 of the Dungeon)
 q - a +0 flail of protection {mace}
   (You took it off an orc on level 3 of the Dungeon)
Missiles
 a - 96 stones {throwing}
 g - 6 curare-tipped darts {=fthrowing}
 o - 2 javelins {throwing}
 p - 7 poisoned darts {throwing}
Armour
 b - a +0 robe (worn)
 j - a +0 pair of boots
   (You found it on level 2 of the Dungeon)
Magical Staves
 i - a staff of death {!astaff}
   (You found it on level 2 of the Dungeon)
Jewellery
 l - a ring of flight
   (You found it on level 2 of the Dungeon)
Scrolls
 h - 2 scrolls of identify {unknown}
 n - a scroll of teleportation {@r4}
Potions
 c - a potion of magic

Dungeon Overview and Level Annotations

Branches:
Dungeon (4/15)
 Temple: D:4-7

Altars:
Nemelex Xobeh

Annotations:
D:2 1 runed translucent door, Crazy Yiuf
D:4 Menkaure

###########
#..........
#..........
#..........
#..........
#.M.4......
#.@ho......
############..........
#.....................
#.##....####..........
#.##....## ###########
#.##.....# #.###....##
####.# #.....# .....#
###.#.#


You could see Menkaure (fast, ally target), an orc (corroded, ally target), a
friendly rust devil (summoned) and a friendly hell hound (summoned).


Message History

Press: ? - help, Q - select action, (/) - cycle Shift-Dir - straight line, f - you That would be overly suicidal.
Okay, then.
You start resting.
Your magical contamination has completely faded away. 😮 HP[+1]
You start resting. 😮 HP[+2] MP[+4]
You regained 2 hp, and now have 21/28 hp.
Your mp is fully restored (8).
You start resting. 😎 HP[+7]
Your hp is fully restored (28).
There is a stone staircase leading down here.
You climb downwards.
You hear the sound of rushing water.
There is an entrance to a sewer on this level.
Hurry and find it before the portal rusts away!
You hear the rusting of a distant drain.
There is a stone staircase leading up here.
Unknown command.
The helpless kobold fails to defend itself.
You bite the kobold, and draw its blood!
You impale the kobold!!
You kill the kobold!
Things that are here:
a +0 short sword {short}; 5 stones {throwing}; a kobold corpse The helpless hobgoblin fails to defend itself.
You bite the hobgoblin, and draw its blood!
You impale the hobgoblin!!
You kill the hobgoblin!
a - 97 stones {throwing} (gained 5)
Things that are here:
a +0 short sword {short}; a kobold corpse Key pressed, stopping explore.
You open the door.
There is an open door here.
You hear the rusting of a drain nearby.
A scorpion comes into view.
Unknown command.
A scorpion is nearby!
Found a stone staircase leading down.
The helpless scorpion fails to defend itself.
You impale the scorpion!!
You kill the scorpion!
Your Stealth skill increases to level 7!
A ball python comes into view.
The helpless ball python fails to defend itself.
You bite the ball python, and draw its blood!
You impale the ball python!!
You kill the ball python!
An orc comes into view. It is wielding a +0 war axe.
Menkaure, Prince of Dust comes into view.
You hear the brisk rusting of a drain nearby.
The orc shouts! x2; Menkaure shouts!
The orc misses you.
You completely miss the orc.
Menkaure casts a spell.
Menkaure seems to speed up.
The orc barely misses you.
You draw a card...
You have drawn the Pentagram.
The orc hits you with a +0 war axe!
The orc barely misses your rust devil. 😮 HP[-8]
You take 8 damage, and now have 20/28 hp.
MASSIVE DAMAGE!! (PAUSE)
The orc attacks as you move away! The orc hits you with a +0 war axe.
* * * LOW HITPOINT WARNING * * *
The orc hits your rust devil but does no damage.
Your hell hound bites the orc.
Menkaure hits you!
* * * LOW HITPOINT WARNING * * *
😱 HP[-18]
You take 18 damage, and now have 2/28 hp.
MASSIVE DAMAGE!! (PAUSE)
Okay, then.
Okay, then.
You feel better.
Your hell hound bites the orc!
The orc dies!
Menkaure misses you.
Your rust devil closely misses the orc. 😨 HP[+9]
You regained 9 hp, and now have 11/28 hp.
It was a potion of brilliance.
You feel clever all of a sudden.
Your hell hound bites Menkaure.
Menkaure barely misses you.
Your rust devil hits the orc.
Your rust devil corrodes the orc!
Okay, then.
It was a potion of mutation.
You feel extremely strange.
You feel a little pissed off.
You feel yourself wasting away.
Iridescent scales grow over part of your body.
Your hell hound bites Menkaure!
The orc misses your hell hound. Menkaure closely misses you.
Your hell hound bites Menkaure.
Your rust devil hits the orc.
The orc seems to be corroded for longer.
Okay, then.
Aiming: Sandblast (safe; 4% risk of failure)
Press: ? - help, Q - select action, (/) - cycle Shift-Dir - straight line, f - Menkaure
Aim: Menkaure (heavily damaged, fast, not watching you, ally target, 91% to hit)
You feel a surge of power!
The blast of sand hits Menkaure but does no damage.
The orc barely misses your hell hound. Menkaure hits you!!
Ouch! That really hurt!
You die...
Your body glows slightly and disappears.

Skill      XL: |  1  2  3  4  5 |
---------------+----------------+-----
Stealth        | 4 5 6 7 |  7.1
Invocations    | 1 2 3 |  3.6
Dodging        | |  2.1
Spellcasting   | |  2.0
Transmutations | |  1.1
Earth Magic    | |  3.0

Action                   |  1- 3 |  4- 6 || total
-------------------------+-------+-------++-------
Melee: Unarmed           |    13 |       ||    13
       Dagger            |    39 |    72 ||   111
       Bite              |     4 |     6 ||    10
 Cast: Sandblast         |    32 |    15 ||    47
       Passwall          |       |     1 ||     1
Invok: Draw Summoning    |       |     1 ||     1
 Abil: Exsanguinate      |     1 |       ||     1
  Use: Scroll            |     4 |     1 ||     5
       Potion            |     4 |     3 ||     7
 Stab: Sleeping          |     1 |    32 ||    33
       Distracted        |       |     1 ||     1
Armor: Robe              |    16 |     6 ||    22
Dodge: Dodged            |    30 |    36 ||    66

Levels and vault maps discovered:
D:1:      wander_arrival_lonely_grave, layout_rooms
D:2:      layout_loops_ring, shapermc_ecumenical_altar_venn,
          minmay_snake_closets, uniq_crazy_yiuf_cottage
D:3:      layout_basic
D:4:      layout_basic, cheibrodos_sewer_entry_drain, uniq_pikel, uniq_duvessa,
          uniq_menkaure

Notes
Turn   | Place    | Note
-------+----------+-------------------------------------------
     0 | D:1      | spaghetti the Vampire Earth Elementalist began the quest
                  | for the Orb.
     0 | D:1      | Reached XP level 1. HP: 13/13 MP: 3/3
     0 | D:1      | magus.rc [v1.9.6]
    19 | D:1      | HP: 3/13 [kobold/+0 dagger (2)]
   130 | D:1      | Reached skill level 4 in Stealth
   137 | D:1      | Reached XP level 2. HP: 6/19 MP: 0/5
   650 | D:2      | Reached skill level 5 in Stealth
   996 | D:2      | Found a faded altar of an unknown god.
  1004 | D:2      | Prayed at the altar of an unknown god.
  1004 | D:2      | Became a worshipper of Nemelex Xobeh the Trickster
  1004 | D:2      | Reached * piety under Nemelex Xobeh
  1098 | D:2      | Gained mutation: You are afflicted with vampirism and can
                  | become a bat while bloodless. [Vampire growth]
  1098 | D:2      | Reached XP level 3. HP: 19/19 MP: 4/6
  1221 | D:2      | Reached skill level 1 in Invocations
  1224 | D:2      | Reached XP level 4. HP: 12/24 MP: 2/7
  1460 | D:2      | Reached skill level 6 in Stealth
  1627 | D:2      | Reached skill level 2 in Invocations
  1911 | D:2      | Reached XP level 5. HP: 25/28 MP: 8/8
  1994 | D:2      | Found a runed translucent door.
  1995 | D:2      | Noticed Crazy Yiuf
  2460 | D:3      | Received a gift from Nemelex Xobeh
  2735 | D:3      | Reached ** piety under Nemelex Xobeh
  2912 | D:3      | Reached skill level 3 in Invocations
  3051 | D:3      | Learned a level 2 spell: Passwall
  3062 | D:3      | Learned a level 3 spell: Stone Arrow
  3404 | D:4      | Noticed a lemure
  3405 | D:4      | Noticed a lemure
  3638 | D:4      | Reached skill level 7 in Stealth
  3674 | D:4      | Noticed Menkaure
  3680 | D:4      | HP: 2/28 [Menkaure (12)]
  3683 | D:4      | Gained mutation: You tend to lose your temper in combat.
                  | [potion of mutation]
  3683 | D:4      | Gained mutation: Your body sometimes deteriorates upon
                  | taking damage. [potion of mutation]
  3683 | D:4      | Gained mutation: You are partially covered in iridescent
                  | scales. (AC +2) [potion of mutation]
  3684 | D:4      | Mangled by Menkaure

Vanquished Creatures
  A scorpion (D:4)
  An orc wizard (D:2)
  8 adders
  3 worms (D:2)
  A dart slug (D:3)
  8 orcs
  3 bats
  7 endoplasms
  A giant cockroach (D:2)
  7 goblins
  3 hobgoblins
  2 jackals (D:2)
  4 quokkas
  16 ball pythons
  10 kobolds
  3 rats (D:3)
78 creatures vanquished.

Vanquished Creatures (collateral kills)
  An orc (D:4)
1 creature vanquished.

Vanquished Creatures (others)
  An orc (D:2)
1 creature vanquished.

Grand Total: 80 creatures vanquished

Table legend:
 A = Non-vault XP
 B = Vault XP
 C = Vault XP percentage of total XP
 D = Non-vault monster count
 E = Vault monster count
 F = Vault count percentage of total count
                 A         B        C        D         E       F
            +---------+---------+-------+---------+---------+-------
      Total |     281 |      77 |  21.5 |      66 |      13 |  16.5
            +---------+---------+-------+---------+---------+-------
        D:1 |      24 |       0 |   0.0 |      15 |       0 |   0.0
        D:2 |     117 |      76 |  39.4 |      28 |      12 |  30.0
        D:3 |      50 |       1 |   2.0 |      18 |       1 |   5.3
        D:4 |      90 |       0 |   0.0 |       5 |       0 |   0.0
            +---------+---------+-------+---------+---------+-------

Illustrated notes

Table legend:
 A = Kills in this place as a percentage of kills in entire the game.
 B = Kills by you in this place as a percentage of kills by you in the entire game.
 C = Kills by friends in this place as a percentage of kills by friends in the entire game.
 D = Other kills in this place as a percentage of other kills in the entire game.
 E = Experience gained in this place as a percentage of experience gained in the entire game.
 F = Experience gained in this place divided by the number of levels of this place that you have seen.
                   A       B       C       D       E      F
               +-------+-------+-------+-------+-------+----------------------
         Total | 100.0 | 100.0 | 100.0 |   N/A | 100.0 |  89.5
       Dungeon | 100.0 | 100.0 | 100.0 |   N/A | 100.0 |  89.5
               +-------+-------+-------+-------+-------+----------------------

Table legend: (Time is in decaauts)
 A = Elapsed time spent in this place.
 B = Non-inter-level travel time spent in this place.
 C = Inter-level travel time spent in this place.
 D = Time resting spent in this place.
 E = Time spent auto-exploring this place.
 F = Levels seen in this place.
 G = Mean time per level.
                   A        B        C        D        E       F      G
               +--------+--------+--------+--------+--------+-----+--------+
         Total |   3683 |   3549 |    134 |    427 |   2541 |   4 |  920.8 |
       Dungeon |   3683 |   3549 |    134 |    427 |   2541 |   4 |  920.8 |
               +--------+--------+--------+--------+--------+-----+--------+

Top non-repeatable levels by time:
     D:2: 1692 daAuts
     D:3: 1234 daAuts
     D:1: 641 daAuts
     D:4: 115 daAuts
